 Dungeon Crawl Stone Soup version 0.17-a0-1718-g72dbe4d (webtiles) character file.

1130 KambridgeKobold the Skirmisher (level 8, 0/73 HPs)
             Began as a Minotaur Fighter on Aug 24, 2015.
             Slain by a troll (7 damage)
             ... on level 6 of the Dungeon.
             The game lasted 00:37:06 (5639 turns).

KambridgeKobold the Skirmisher (Minotaur Fighter)   Turns: 5639, Time: 00:37:07

Health: 0/73       AC: 11    Str: 20    XL:     8   Next: 13%
Magic:  7/7        EV: 10    Int:  5    God:
Gold:   417        SH: 10    Dex: 13    Spells: 0 memorised, 7 levels left

rFire  . . .     SeeInvis .     a - +0 war axe
rCold  . . .     Clarity  .     b - +0 scale mail
rNeg   . . .     SustAt   .     c - +0 shield
rPois  .         Gourm    .     (helmet restricted)
rElec  .         Spirit   .     o - +0 cloak
rCorr  .         Warding  .     m - +1 pair of gloves
rMut   .         Stasis   .     (no boots)
MR     .....                    t - amulet of faith
Stlth  +.........               q - ring of stealth
                                u - +2 ring of evasion

@: about to teleport, not resistant to hostile enchantments, very unstealthy
A: retaliatory headbutt, horns 2
a: no special abilities


You were on level 6 of the Dungeon.
You were not hungry.

You visited 2 branches of the dungeon, and saw 7 of its levels.
You also visited: Sewer.

You collected 417 gold pieces.

Inventory:

Hand weapons
 a - a +0 war axe (weapon)
 y - a +0 hunting sling
 C - a +1 short sword of freezing
 D - a +0 flail
Missiles
 r - 200 stones (quivered)
 I - 14 sling bullets
Armour
 b - a +0 scale mail (worn)
 c - a +0 shield (worn)
 m - a +1 pair of gloves (worn)
 o - a +0 cloak (worn)
Jewellery
 j - an uncursed ring of magical power
 q - a ring of stealth (right hand)
 t - an amulet of faith (around neck)
 u - a +2 ring of evasion (left hand)
 E - an uncursed ring of wizardry
Magical devices
 L - a wand of fire (4)
 N - a wand of magic darts (12)
 O - a wand of flame (34)
Scrolls
 f - 4 scrolls of random uselessness
 i - a scroll of teleportation
 l - a scroll of immolation
 s - a scroll of enchant weapon {unknown}
 v - 2 scrolls of fog
 w - 2 scrolls of recharging
 F - a scroll of remove curse
 H - a scroll of blinking {unknown}
Potions
 d - 3 potions of might
 h - 2 potions of curing {unknown}
 n - 3 potions of ambrosia {unknown}
 p - 4 potions of heal wounds
 x - a potion of invisibility {unknown}
 z - 2 potions of magic {unknown}
 A - a potion of haste {unknown}
 J - a potion of cure mutation {unknown}
 K - a potion of agility {unknown}
 M - a potion of berserk rage {unknown}
Comestibles
 e - 2 bread rations
 k - 7 fruits
 B - a meat ration
 G - 2 beef jerkies
 P - a royal jelly


   Skills:
 + Level 7.2 Fighting
 + Level 7.1 Axes
 + Level 6.0 Armour
 + Level 6.1 Shields


You had 7 spell levels left.
You didn't know any spells.

Dungeon Overview and Level Annotations

Branches:
Dungeon (6/15)             Temple (1/1) D:4

Altars:
Dithmenos
Elyvilon
Fedhas
Kikubaaqudgha
Makhleb
Nemelex Xobeh
Okawaru
Sif Muna
Vehumet
Yredelemnul
Zin
The Shining One

Annotations:
D:5 Dowan, Prince Ribbit


Innate Abilities, Weirdness & Mutations

You reflexively headbutt those who attack you in melee.
You have a pair of horns on your head.


Message History

You feel strangely unstable. The wight barely misses you.
You block the troll's attack. The troll claws you!
* * * LOW HITPOINT WARNING * * *
The troll claws you.
* * * LOW HITPOINT WARNING * * *
You slash the wight!
You destroy the wight!
Your Armour skill increases to level 6!
You hit the troll.
The troll is lightly wounded.
The troll completely misses you. You block the troll's attack.
The troll claws you.
* * * LOW HITPOINT WARNING * * *
You hit the wight. You headbutt the wight.
The wight is severely damaged.
You slash the troll!
The troll is moderately wounded.
You block the wight's attack. The troll bites you but does no damage.
The troll closely misses you. The troll claws you!
You die...

#.# #..........#
##.#####.......###
...............########
#..#####...............
#...........##.########
######.#######.# #.#
#.# #.# #§###### #.#
#§T@zs§# #.# ######.#
#.# #.# #.#


You could see a troll, a wight and a giant cockroach.

Vanquished Creatures
  Duvessa (D:5)
  2 ogres (D:5)
  A centaur (D:5)
  2 giant frogs (Sewer)
  A scorpion (D:5)
  3 wights (D:6)
  A giant frog zombie (D:5)
  A gnoll shaman (D:4)
  A hound (D:6)
  An orc wizard (D:3)
  2 hound skeletons
  15 adders
  4 gnolls (D:4)
  5 river rats
  A shadow imp (D:6)
  An ooze (Sewer)
  4 worms
  An adder skeleton (D:3)
  4 giant geckos
  13 orcs
  3 giant cockroaches (D:3)
  8 goblins
  7 hobgoblins
  2 jackals (D:1)
  6 kobolds
  4 quokkas
  17 ball pythons
  5 bats
  A giant gecko skeleton (D:4)
  5 giant newts
  30 rats
152 creatures vanquished.

Vanquished Creatures (others)
  A hobgoblin (D:2)
  A kobold (D:2)
  A giant newt (D:2)
3 creatures vanquished.

Grand Total: 155 creatures vanquished

Notes
Turn   | Place    | Note
--------------------------------------------------------------
     0 | D:1      | KambridgeKobold the Minotaur Fighter began the quest for the Orb.
     0 | D:1      | Reached XP level 1. HP: 19/19 MP: 0/0
   187 | D:1      | Reached XP level 2. HP: 20/27 MP: 1/1
   729 | D:2      | Reached skill level 4 in Armour
   748 | D:2      | Reached XP level 3. HP: 30/33 MP: 2/2
  1675 | D:2      | Reached XP level 4. HP: 40/40 MP: 3/3
  2004 | D:3      | Found a glowing drain.
  2039 | Sewer    | Entered a sewer
  2106 | Sewer    | Reached XP level 5. HP: 35/47 MP: 4/4
  2502 | Sewer    | Reached skill level 5 in Armour
  2536 | Sewer    | Reached skill level 5 in Axes
  2646 | Sewer    | Reached skill level 5 in Fighting
  2722 | Sewer    | Noticed a giant frog
  2722 | Sewer    | Noticed a giant frog
  2731 | Sewer    | Killed a giant frog
  2731 | Sewer    | Reached XP level 6. HP: 7/56 MP: 5/5
  2731 | Sewer    | Killed a giant frog
  3918 | D:4      | Found a staircase to the Ecumenical Temple.
  3928 | Temple   | Entered the Ecumenical Temple
  4147 | D:4      | Reached skill level 6 in Fighting
  4152 | D:4      | Reached XP level 7. HP: 34/63 MP: 6/6
  4529 | D:5      | Entered Level 5 of the Dungeon
  4529 | D:5      | Noticed Duvessa
  4529 | D:5      | Noticed Dowan
  4611 | D:5      | Reached skill level 5 in Shields
  4894 | D:5      | Noticed Prince Ribbit
  4894 | D:5      | Killed Duvessa
  5421 | D:5      | Reached skill level 7 in Fighting
  5547 | D:6      | Reached XP level 8. HP: 67/73 MP: 7/7
  5622 | D:6      | Noticed a troll
  5639 | D:6      | Slain by a troll

Vault maps used:
D:1:      lightli_arrival_maybe_door_vault
D:2:      mumra_celtic_spiral_tile, lemuel_old_faithful
D:3:      portal_sewer_entry_a, minmay_quantized
D:4:      minmay_temple_entry_poolview
D:5:      first_bread, uniq_prince_ribbit1, uniq_duvessa
Temple:   circular_temple_12
Sewer:    sewer_minmay_w

Action                   |  1- 3 |  4- 6 |  7- 9 || total
-------------------------+-------+-------+-------++-------
Melee: War axe           |    75 |   233 |    83 ||   391
       Mace              |       |     4 |       ||     4
Throw: Stone             |       |       |     7 ||     7
  Use: Scroll            |       |    12 |     5 ||    17
  Eat: Chunk             |     2 |     8 |     6 ||    16
